Map: Yellowjacket

Players

Nitrate - Winner!

  • Race: Protoss Protoss
  • League: Gold
  • Spawn Location: 7:00

Вагнер - Winner!

  • Race: Zerg Zerg
  • Spawn Location: 9:00

Kalmarius

  • Race: Zerg Zerg
  • League: Silver
  • Spawn Location: 3:00

Todos

  • Race: Terran Terran
  • League: Gold
  • Spawn Location: 1:00

VOD

Have the link to the VOD?

Description

Time

  • Played on: Feb. 26, 2026, 12:50 p.m.
  • Length: 13:33
Show
View Real Time Build Order
Export as new Build Order

Nitrate Protoss - Winner!

Build Orders: 1 Gate Expand 

Get SALT Encoding   

  12  0:00  Probe  
  13  0:12  Probe  
  14  0:17  Pylon  
  14  0:24  Probe  
  15  0:32  Probe  
  15  0:40  Probe, Gateway  
  16  0:48  Assimilator  
  17  0:52  Probe  
  19  1:04  Probe  
  19  1:19  Probe  
  20  1:35  Probe  
  20  1:38  Nexus  
  21  1:43  Probe  
  21  1:50  Cybernetics Core  
  22  1:58  Pylon  
  22  2:01  Assimilator  
  22  2:08  Probe  
  23  2:18  Warp Gate  
  23  2:20  Probe  
  24  2:26  Stalker  
  24  2:27  Gateway  
  26  2:34  Probe  
  27  2:38  Gateway  
  27  2:54  Probe  
  28  2:59  Stalker  
  28  3:01  Probe  
  31  3:11  Pylon  
  31  3:15  Pylon  
  31  3:34  Stalker  
  33  3:42  Stalker  
  33  3:47  Probe  
  36  3:51  Probe  
  36  3:53  Twilight Council  
  37  3:57  Pylon  
  37  3:59  Probe  
  38  4:18  Probe  
  35  4:24  Charge  
  35  4:26  Probe  
  35  4:30  Forge, Probe  
  37  4:33  Pylon  
  37  4:35  Zealot x2  
  37  4:38  Probe  
  41  4:42  Probe  
  41  4:43  Protoss Ground Weapons Level 1  
  42  4:46  Assimilator  
  42  4:49  Assimilator  
  42  4:50  Probe  
  42  4:51  Zealot  
  45  4:54  Probe  
  45  4:57  Shield Battery  
  45  4:58  Probe  
  46  5:02  Pylon  
  46  5:06  Probe x2  
  48  5:08  Zealot  
  48  5:09  Stalker  
  53  5:16  Probe  
  53  5:19  Probe  
  53  5:21  Gateway  
  55  5:24  Gateway  
  55  5:31  Probe  
  56  5:47  Robotics Facility, Stalker  
  56  5:48  Stalker x2  
  62  5:53  Probe  
  62  5:54  Probe  
  62  6:16  Pylon  
  52  6:31  Stalker x5  
  61  7:01  Protoss Ground Weapons Level 2  
  61  7:09  Probe  
  61  7:11  Blink  
  62  7:17  Stalker x5  
  72  7:48  Warp Prism  
  54  8:03  Stalker x4  
  64  8:15  Nexus  
  64  8:17  Robotics Bay  
  64  8:19  Pylon x2  
  64  8:21  Pylon  
  64  8:28  Pylon  
  64  8:39  Dark Shrine  
  64  9:01  Colossus  
  70  9:17  Protoss Ground Weapons Level 3  
  70  9:19  Robotics Facility  
  70  9:22  Zealot  
  70  9:23  Zealot x4  
  80  9:27  Gateway  
  80  9:28  Gateway  
  80  9:31  Gateway  
  80  9:49  Extended Thermal Lance  
  72  9:53  Stalker  
  72  9:54  Stalker x4, Colossus  
  86  10:09  Colossus  
  86  10:14  Assimilator  
  86  10:15  Assimilator  
  92  10:22  Dark Templar x2  
  96  10:30  Dark Templar  
  96  10:33  Dark Templar  
  100  10:45  Dark Templar  
  100  10:48  Colossus  
  98  11:20  Colossus  
  104  11:30  Stalker x5  
  114  11:37  Zealot  
  114  11:58  Colossus  
  98  12:12  Stalker x6  
  106  12:17  Observer  
  95  12:35  Observer  
  96  12:46  Stalker  
  96  12:47  Stalker x7  
  96  12:50  Probe x2  
  114  12:51  Warp Prism  
  116  13:01  Nexus, Probe  
  116  13:03  Pylon  
  117  13:07  Pylon  
  117  13:13  Probe  
  117  13:17  Probe  
Show
View Real Time Build Order
Export as new Build Order

Вагнер Zerg - Winner!

Build Orders: Pool First 

Get SALT Encoding   

  12  0:01  Drone  
  13  0:08  Drone  
  14  0:29  Spawning Pool  
  14  0:30  Drone  
  14  0:38  Overlord  
  14  0:58  Drone  
  15  1:12  Extractor  
  15  1:13  Hatchery  
  15  1:18  Zergling x6  
  16  1:31  Queen  
  18  1:36  Drone  
  19  1:42  Drone  
  20  1:53  Drone  
  21  2:02  Overlord  
  21  2:16  Spore Crawler  
  21  2:17  Drone  
  21  2:26  Zergling x2, Drone  
  23  2:37  Zergling x4  
  24  2:45  Zergling x4  
  24  2:50  Drone  
  24  2:51  Queen  
  28  3:00  Drone  
  28  3:02  Drone  
  30  3:08  Drone  
  30  3:09  Drone  
  30  3:10  Zergling x2  
  33  3:17  Metabolic Boost  
  33  3:23  Drone  
  32  3:34  Drone x2  
  32  3:40  Zergling x2  
  32  3:41  Zergling x4  
  35  3:45  Drone  
  35  3:47  Overlord  
  35  3:49  Overlord  
  35  3:58  Overlord  
  35  4:08  Zergling x4  
  35  4:23  Drone x2, Spine Crawler  
  36  4:29  Zergling x4, Roach Warren  
  36  4:30  Zergling x2  
  38  4:35  Drone  
  39  4:40  Extractor, Lair  
  39  4:45  Drone  
  39  4:47  Extractor  
  39  4:49  Drone  
  39  4:50  Drone x2  
  41  4:59  Drone  
  42  5:01  Drone x2  
  44  5:09  Drone  
  44  5:10  Drone  
  46  5:14  Drone  
  47  5:21  Roach  
  49  5:29  Drone x3  
  49  5:34  Roach x4  
  58  5:36  Extractor  
  58  5:42  Roach  
  58  5:52  Glial Reconstitution  
  58  5:54  Overlord  
  58  5:56  Overlord  
  58  6:04  Evolution Chamber x2  
  58  6:10  Roach x2  
  58  6:11  Roach x2  
  59  6:19  Zergling x6  
  59  6:25  Zergling x2, Drone x2  
  65  6:56  Drone  
  65  6:57  Drone x5  
  70  7:06  Hatchery  
  69  7:09  Roach x2  
  73  7:19  Zerg Missile Weapons Level 1  
  73  7:20  Spire, Zerg Melee Weapons Level 1  
  72  7:24  Roach  
  72  7:25  Overlord  
  72  7:26  Overlord  
  71  7:40  Roach x2  
  71  7:41  Roach x2  
  65  7:51  Drone  
  60  8:04  Infestation Pit  
  59  8:05  Zergling x2  
  59  8:06  Zergling x12  
  66  8:19  Drone x2  
  69  8:20  Drone  
  69  8:23  Drone  
  69  8:26  Drone  
  73  8:28  Mutalisk  
  73  8:29  Mutalisk x2  
  73  8:31  Zerg Flyer Weapons Level 1  
  79  8:37  Overseer  
  76  8:43  Roach x3  
  76  8:44  Roach x4  
  87  8:49  Zergling x2  
  75  8:59  Mutalisk x2  
  68  9:11  Mutalisk x2  
  72  9:21  Hatchery  
  71  9:24  Zerg Missile Weapons Level 2  
  71  9:25  Mutalisk x3  
  77  9:37  Mutalisk x2  
  81  9:44  Mutalisk  
  77  9:53  Mutalisk x2  
  77  9:54  Mutalisk x2  
  74  10:18  Mutalisk x3  
  74  10:19  Mutalisk  
  78  10:26  Mutalisk  
  70  10:31  Zergling x6  
  73  10:36  Mutalisk  
  75  10:44  Zergling x2  
  75  10:45  Zergling x4  
  78  10:54  Mutalisk  
  78  10:55  Zergling x2  
  81  11:07  Hive  
  81  11:10  Drone x2  
  81  11:11  Drone x6  
  86  11:12  Drone  
  86  11:18  Overlord x2  
  90  11:26  Overlord  
  90  11:36  Mutalisk x4  
  98  11:40  Zergling x2  
  99  11:51  Mutalisk x2  
  92  11:57  Zergling x6  
  92  12:00  Mutalisk  
  88  12:10  Mutalisk  
  88  12:15  Zergling x6  
  91  12:26  Zergling x6  
  92  12:40  Zergling x4  
  92  12:41  Mutalisk, Roach  
  97  12:47  Mutalisk x2  
  100  12:59  Mutalisk  
  100  13:00  Mutalisk  
  102  13:08  Mutalisk  
Show
View Real Time Build Order
Export as new Build Order

Kalmarius Zerg 

Build Orders: Hatch First 

Get SALT Encoding   

  12  0:00  Drone  
  13  0:09  Drone  
  14  0:17  Overlord  
  14  0:36  Drone x2  
  14  0:37  Drone  
  17  0:55  Drone  
  18  0:58  Hatchery  
  18  1:01  Drone  
  18  1:14  Spawning Pool  
  17  1:26  Extractor, Drone x2  
  17  1:31  Drone  
  19  1:41  Overlord  
  19  1:54  Drone  
  20  2:02  Queen  
  22  2:10  Queen  
  22  2:12  Zergling x4  
  22  2:15  Zergling x2  
  27  2:21  Zergling x2  
  28  2:27  Zergling x2, Metabolic Boost  
  29  2:35  Spine Crawler  
  25  2:46  Zergling x2  
  25  2:47  Zergling x6  
  29  2:53  Drone  
  30  3:04  Drone x2  
  32  3:08  Drone  
  33  3:13  Evolution Chamber  
  33  3:16  Drone, Evolution Chamber  
  33  3:19  Extractor  
  31  3:21  Drone x2  
  31  3:22  Drone  
  29  3:44  Zerg Melee Weapons Level 1  
  28  3:53  Zergling x2  
  28  3:54  Zergling x14  
  36  4:09  Zerg Ground Armor Level 1  
  32  4:20  Drone  
  32  4:21  Drone x3  
  35  4:24  Overlord  
  35  4:38  Spine Crawler  
  34  4:39  Overlord  
  34  4:46  Lair  
  34  4:57  Drone  
  34  4:58  Drone x3  
  38  5:11  Queen  
  40  5:19  Drone  
  40  5:20  Drone x4  
  45  5:28  Spore Crawler  
  40  5:39  Zergling x2  
  40  5:40  Zergling x8  
  42  5:44  Zerg Melee Weapons Level 2  
  42  5:51  Drone x2  
  42  5:55  Drone x2  
  42  5:56  Drone  
  47  6:05  Drone x2  
  47  6:07  Zerg Ground Armor Level 2  
  47  6:10  Zergling x4  
  51  6:22  Zergling x6  
  51  6:23  Overlord  
  50  6:30  Zergling x2  
  50  6:43  Spine Crawler  
  46  6:49  Zergling x12, Spine Crawler  
  51  6:55  Zergling x2  
  51  7:03  Infestation Pit  
  51  7:04  Zergling x8  
  54  7:10  Zergling x4  
  54  7:12  Overlord  
  54  7:13  Overlord x2  
  56  7:23  Zergling x4  
  56  7:28  Zergling x2  
  59  7:35  Zergling x2  
  59  7:36  Hatchery  
  59  7:41  Zergling x2  
  59  7:42  Zergling x10  
  54  7:55  Zergling x6  
  54  7:59  Hive  
  54  8:04  Zergling x2  
  55  8:11  Extractor  
  55  8:12  Drone x2  
  56  8:16  Drone x4  
  56  8:17  Extractor  
  59  8:21  Drone x3  
  62  8:32  Zergling x4  
  64  8:45  Zergling x6  
  67  8:51  Extractor  
  54  9:03  Drone x5  
  54  9:04  Drone x3, Queen  
  61  9:13  Drone  
  61  9:14  Drone x2  
  64  9:21  Spore Crawler x2  
  64  9:22  Spore Crawler  
  61  9:26  Spore Crawler  
  61  9:27  Spore Crawler  
  61  9:28  Spore Crawler  
  61  9:31  Drone x4  
  59  9:32  Drone x3  
  50  10:02  Drone x8  
  50  10:03  Drone  
  59  10:12  Extractor  
  58  10:16  Zerg Melee Weapons Level 3  
  58  10:17  Zerg Ground Armor Level 3  
  58  10:18  Adrenal Glands  
  58  10:23  Drone  
  58  10:24  Ultralisk Cavern, Drone x2  
  62  10:38  Zergling x2  
  62  10:39  Zergling x14  
  70  10:45  Hatchery  
  69  10:50  Overseer  
  66  11:35  Spine Crawler  
  63  11:53  Hatchery  
  59  11:56  Zergling x2  
  59  11:57  Zergling x26  
  52  12:21  Lair  
  39  12:26  Spore Crawler x2  
  39  12:28  Spore Crawler  
  29  12:31  Drone  
  29  12:32  Drone x2  
  29  12:33  Queen  
  29  12:37  Drone  
Show
View Real Time Build Order
Export as new Build Order

Todos Terran 

Build Orders:  

Get SALT Encoding   

  12  0:01  SCV  
  13  0:13  SCV  
  14  0:18  Supply Depot  
  14  0:26  SCV  
  15  0:40  Barracks  
  15  1:16  SCV  
  16  1:19  Command Center  
  16  1:28  SCV  
  17  1:41  SCV  
  17  1:44  Marine  
  19  1:49  Refinery  
  19  1:51  Refinery  
  19  2:02  Marine  
  19  2:30  Orbital Command  
  19  2:39  Barracks Reactor  
  18  2:59  SCV  
  19  3:11  SCV  
  20  3:18  Factory  
  20  3:23  SCV  
  21  3:30  Marine x2  
  23  3:44  Orbital Command  
  22  3:48  Marine x2  
  23  4:00  SCV  
  24  4:03  Factory  
  24  4:06  Marine x2  
  24  4:08  Hellion  
  24  4:09  Supply Depot  
  28  4:12  SCV  
  29  4:24  Marine x2, SCV  
  29  4:30  Hellion  
  34  4:33  Supply Depot  
  34  4:36  SCV  
  35  4:42  Marine x2  
  37  4:48  SCV  
  37  4:51  Hellion  
  37  4:52  Armory  
  40  4:53  SCV  
  40  4:56  Supply Depot  
  41  5:00  SCV  
  41  5:03  Hellion  
  41  5:05  SCV  
  45  5:13  SCV, Marine x2  
  48  5:17  SCV  
  49  5:23  Factory Tech Lab  
  49  5:25  SCV  
  50  5:28  Factory Tech Lab  
  50  5:29  SCV  
  50  5:33  Supply Depot  
  51  5:38  Supply Depot  
  51  5:40  SCV  
  51  5:41  Starport, SCV  
  53  5:53  SCV x2, Marine x2  
  57  6:01  Refinery, Supply Depot  
  57  6:03  Cyclone  
  60  6:06  SCV, Refinery  
  60  6:11  Marine x2  
  55  6:18  SCV  
  47  6:43  Barracks  
  47  6:45  Barracks  
  47  6:46  Siege Tank x2  
  53  6:51  Supply Depot  
  53  6:53  Supply Depot  
  53  6:56  Starport Tech Lab  
  53  7:00  Terran Vehicle Weapons Level 1  
  53  7:14  Supply Depot  
  53  7:15  Cloaking Field  
  53  7:16  Supply Depot  
  53  7:17  Banshee  
  53  7:20  Cyclone x2  
  49  7:59  Banshee  
  52  8:06  Command Center  
  52  8:15  Orbital Command  
  52  8:31  Barracks Tech Lab  
  52  8:33  Orbital Command, Barracks Tech Lab  
  52  8:42  Medivac  
  54  8:49  SCV  
  55  8:59  SCV  
  55  9:01  SCV  
  57  9:11  SCV  
  57  9:12  Banshee  
  57  9:13  SCV  
  62  9:20  Marauder  
  62  9:21  Marauder, Marine x2  
  62  9:23  SCV  
  69  9:25  Orbital Command  
  69  9:28  Thor  
  75  9:35  SCV  
  76  9:39  Marine x2  
  78  9:48  Orbital Command  
  77  9:55  Banshee  
  71  10:21  SCV  
  72  10:33  SCV  
  72  10:34  Cyclone x2  
  79  10:38  Marauder  
  79  10:39  Marauder, Marine x2  
  85  10:45  SCV  
  86  10:57  Marine x2, SCV  
  86  10:59  Command Center  
  89  11:09  SCV  
  90  11:25  Refinery x2  
  90  11:41  Engineering Bay, Medivac  
  90  11:42  Engineering Bay  
  90  11:46  Supply Depot  
  44  12:09  Supply Depot  
  44  12:10  Supply Depot  
  44  12:11  Medivac  
  44  12:12  Supply Depot  
  44  12:14  Marauder x2, Marine x2  
  52  12:21  Thor  
  52  12:22  Thor  
  64  12:32  Marine x2  
  64  12:34  Marine  
  64  12:35  Marine  
  68  12:41  Banshee  
  62  12:50  Marine x2  
  59  12:52  Marine x2  
  55  13:08  Marine x2  
  55  13:10  Marine  
Tags
 
Add a new tag
Caveats
  • Supply blocks, unpowered buildings, or Contaminate may cause inaccurate times.
  • Supply counts are checked every 10 seconds.